 Dungeon Crawl Stone Soup version 0.28-a0-803-g74956062c1 (webtiles) character file.

Game seed: 14482697331799703279

512 Decritt the Gusty (level 7, -6/42 HPs)
             Began as a Tengu Air Elementalist on Nov 7, 2021.
             Was an Initiate of Vehumet.
             Shot with an arrow by a centaur (10 damage)
             ... on level 4 of the Dungeon.
             The game lasted 00:30:00 (6370 turns).

Decritt the Gusty (Tengu Air Elementalist)          Turns: 6370, Time: 00:30:01

Health: -6/42      AC:  5    Str:  9    XL:     7   Next: 19%
Magic:  12/12      EV: 15    Int: 17    God:    Vehumet [......]
Gold:   70         SH:  4    Dex: 14    Spells: 8/12 levels left

rFire   . . .      SeeInvis .   c - +2 hunting sling (freeze)
rCold   . . .      Faith    .   v - +0 buckler
rNeg    . . .      Spirit   .   (no armour)
rPois   .          Reflect  .   (helmet restricted)
rElec   .          Harm     .   n - +2 cloak
rCorr   .          Rampage  .   l - +1 pair of gloves
Will    .....                   (boots unavailable)
Stlth   ++........              u - amulet of magic regeneration
HPRegen 0.14/turn               s - ring of wizardry
MPRegen 0.38/turn               (no ring)

@: sluggish, flying quickly and evasively, studying Throwing, very slow
A: beak, talons 3, nimble flight
a: Renounce Religion


You were on level 4 of the Dungeon.
You worshipped Vehumet.
Vehumet was noncommittal.
You visited 1 branch of the dungeon, and saw 4 of its levels.

You collected 175 gold pieces.
You spent 105 gold pieces at shops.

Inventory:

Hand Weapons
 c - a +2 hunting sling of freezing (weapon)
 r - a +2 hand axe of electrocution
Missiles
 i - 41 poisoned darts
 j - 30 sling bullets (quivered ammo)
Armour
 a - a +0 robe
 l - a +1 pair of gloves (worn)
 n - a +2 cloak (worn)
 v - a +0 buckler (worn)
 w - a +3 ring mail of willpower
 z - a +0 leather armour
Jewellery
 s - a ring of wizardry (left hand)
 u - an amulet of magic regeneration (around neck)
Wands
 q - a wand of mindburst (6)
Scrolls
 b - a scroll of fear
 d - 2 scrolls of teleportation
 g - a scroll of fog
 k - a scroll of enchant weapon
 y - 2 scrolls of magic mapping
Potions
 e - a potion of resistance {unknown}
 f - a potion of invisibility
 h - a potion of haste
 m - a potion of mutation {unknown}
 o - 3 potions of curing
 p - a potion of degeneration {unknown}
 t - a potion of attraction
 x - a potion of lignification {unknown}


   Skills:
 * Level 3.9 Fighting
 + Level 0.7 Armour
 - Level 3.1 Dodging
 - Level 2.0 Stealth
 + Level 2.4 Shields
 - Level 3.0 Spellcasting
 - Level 3.1 Conjurations
 * Level 5.9 Air Magic


You had 8 spell levels left.
You knew the following spells:

 Your Spells              Type           Power      Damage    Failure   Level
a - Shock                 Conj/Air       72%        1d7       1%          1
b - Swiftness             Air            22%        N/A       2%          3

Your spell library contained the following spells:

 Spells                   Type           Power      Damage    Failure   Level
 Static Discharge         Conj/Air       18%        N/A       1%          2
 Airstrike                Air            11%        N/A       8%          4
 Sandblast                Erth           4%         2d4       9%          1
 Passwall                 Tmut/Erth      1%         N/A       12%         2
 Stone Arrow              Conj/Erth      14%        3d7       13%         3


Dungeon Overview and Level Annotations

Branches:
Dungeon (4/15)
 Temple: D:4-7

Altars:
Kikubaaqudgha
Vehumet

Shops:
D:3 ?

Annotations:
D:3 1 runed translucent door, Crazy Yiuf


Innate Abilities, Weirdness & Mutations

You have a beak for a mouth.
You have claws for feet.
Your magical nature lets you fly swiftly and evasively.


Message History

You pick up a manual of Throwing and begin studying.
Okay, then.
y - 2 scrolls of magic mapping (gained 1)
Things that are here:
a +1 club; a +0 leather armour
Things that are here:
a +1 club; a +0 leather armour You start removing your armour.
You continue taking off your +0 robe. x4
You finish taking off your +0 robe.
You start putting on your armour.
You continue putting on your +0 leather armour. x3
The centaur shouts!
The centaur shoots an arrow.
Keep equipping yourself?
Uppercase [Y]es or [N]o only, please.
Keep equipping yourself?
You stop putting on your armour.
The arrow hits you.
The centaur shoots an arrow.
The arrow hits you.
The centaur shoots an arrow.
The arrow barely misses you.
The centaur shoots an arrow.
The arrow hits you.
The centaur shoots an arrow.
The arrow misses you.
The centaur shoots an arrow.
The arrow barely misses you.
Casting: Shock (safe; 1% risk of failure)
Confirm with . or Enter, or press ? or * to list all spells.
You feel quick.
The centaur shoots an arrow.
The arrow barely misses you.
The centaur shoots an arrow.
The arrow hits you!
* * * LOW HITPOINT WARNING * * *
The centaur shoots an arrow.
The arrow hits you!
* * * LOW HITPOINT WARNING * * *
You start to feel a little slower.
The centaur shoots an arrow.
The arrow barely misses you.
You feel sluggish.
The centaur shoots an arrow.
You block the arrow.
There is a stone staircase leading down here.
The centaur shoots an arrow.
The arrow hits you!
* * * LOW HITPOINT WARNING * * *
The centaur shoots an arrow.
You block the arrow.
There is a stone staircase leading up here.
The centaur shoots an arrow.
The arrow hits you!
You die...

****,,**,...,,,#..##..##....#.##.
*,,,,*,.....*#.......c.#.##....
***,,,,*,.....,#.........#.......
*,,,,,*,,.....##.................
**,,,,*,*#......<..#.............
*,,,***,........[...............
**,,**,,........................
*,***,,..........>#............
*** **,.......@............####
*,..≈≈≈.#.##..........#...
*,..≈≈≈≈#######......?#._.
*,..≈≈≈#* #........#.≈. **##.P≈*
#........#..≈ #..#* *,.......##..
**** *,.......##.. ***#......#...
*,**#.......⌠.


You could see a centaur.

Vanquished Creatures
  An orc warrior (D:4)
  An ogre (D:4)
  A scorpion (D:4)
  Ijyb (D:3)
  Robin (D:2)
  7 adders
  2 gnolls
  2 river rats (D:4)
  4 worms
  4 dart slugs
  4 orcs
  5 bats (D:1)
  8 endoplasms
  A giant cockroach (D:4)
  12 goblins
  15 hobgoblins
  9 jackals
  A quokka (D:4)
  5 ball pythons
  3 frilled lizards
  3 kobolds
  12 rats
102 creatures vanquished.

Notes
Turn   | Place    | Note
-------+----------+-------------------------------------------
     0 | D:1      | Decritt the Tengu Air Elementalist began the quest for the
                  | Orb.
     0 | D:1      | Reached XP level 1. HP: 10/10 MP: 4/4
   142 | D:1      | Reached skill level 1 in Fighting
   233 | D:1      | Reached XP level 2. HP: 16/16 MP: 4/6
   689 | D:1      | Reached XP level 3. HP: 21/21 MP: 5/7
  1831 | D:2      | Reached XP level 4. HP: 27/27 MP: 3/8
  2630 | D:3      | Found Peohuakkua's Magic Scroll Emporium.
  2641 | D:3      | Bought a scroll of identify for 20 gold pieces
  2641 | D:3      | Bought a scroll of identify for 20 gold pieces
  2641 | D:3      | Bought a scroll of teleportation for 30 gold pieces
  2779 | D:2      | Reached skill level 5 in Air Magic
  2986 | D:3      | Noticed an ogre
  3025 | D:3      | Learned a level 3 spell: Swiftness
  3178 | D:3      | Noticed Ijyb
  3223 | D:3      | Killed Ijyb
  3411 | D:3      | Found a runed translucent door.
  3412 | D:3      | Noticed Crazy Yiuf
  3443 | D:3      | Gained mutation: Your magical nature lets you fly swiftly
                  | and evasively. [Tengu growth]
  3443 | D:3      | Reached XP level 5. HP: 32/32 MP: 7/9
  3580 | D:3      | Noticed Robin
  3640 | D:2      | Killed Robin
  3926 | D:3      | Reached skill level 1 in Shields
  4097 | D:3      | Found a faded altar of an unknown god.
  4773 | D:3      | Bought a scroll of magic mapping for 35 gold pieces
  5252 | D:4      | Noticed a centaur
  5557 | D:4      | Noticed an orc warrior
  5557 | D:4      | Noticed an ogre
  5577 | D:4      | Reached XP level 6. HP: 14/37 MP: 4/11
  6092 | D:4      | Found an ancient bone altar of Kikubaaqudgha.
  6137 | D:4      | Found a radiant altar of Vehumet.
  6162 | D:4      | Became a worshipper of Vehumet
  6239 | D:4      | Killed an orc warrior
  6240 | D:4      | Reached XP level 7. HP: 42/42 MP: 10/12
  6370 | D:4      | Shot with an arrow by a centaur

Illustrated notes

Levels and vault maps discovered:
D:1:      dpeg_arrival_tiny_i, layout_basic, serial_forest,
          infiniplex_forest_lined_3, infiniplex_forest_straight_1,
          infiniplex_forest_end_double, infiniplex_forest_lined_2,
          infiniplex_forest_clump_medium, infiniplex_forest_straight_4,
          minmay_tall_x
D:2:      layout_basic
D:3:      layout_basic, serial_shops, shop, chequers_ecumenical_altar_simple,
          minmay_goblin_kobold_house, uniq_crazy_yiuf_cottage, uniq_ijyb,
          uniq_robin
D:4:      layout_cave_pools, mainiacjoe_overflow_concentric_impassable,
          kiku_gazebo_pond_becter, lightli_sewer_entry_pipes,
          serial_bayou_pond_d, minmay_manual_moon

Skill      XL: |  1  2  3  4  5  6 |
---------------+-------------------+-----
Fighting       | 1 2 3 |  3.9
Air Magic      | 5 |  5.9
Conjurations   | 2 3 |  3.1
Shields        | 1 2 |  2.4
Dodging        | 3 |  3.1
Spellcasting   | 3 |  3.0
Armour         | |  0.7
Stealth        | |  2.0

Action                   |  1- 3 |  4- 6 |  7- 9 || total
-------------------------+-------+-------+-------++-------
Melee: Club              |    23 |    40 |       ||    63
       Kick              |     5 |    11 |       ||    16
       Peck              |     4 |     1 |       ||     5
       Unarmed           |     1 |       |       ||     1
 Fire: Hunting sling     |       |    93 |     2 ||    95
Throw: Stone             |    27 |       |       ||    27
       Dart              |    27 |    15 |       ||    42
 Cast: Shock             |    36 |   139 |       ||   175
       Swiftness         |       |     1 |     1 ||     2
  Use: Scroll            |       |    11 |       ||    11
       Potion            |       |     1 |       ||     1
Armor: Robe              |     5 |    39 |       ||    44
       Skin              |       |    19 |       ||    19
Dodge: Dodged            |    27 |    80 |     5 ||   112
Block: Buckler           |       |    21 |     2 ||    23

Table legend: (Time is in decaauts)
 A = Elapsed time spent in this place.
 B = Non-inter-level travel time spent in this place.
 C = Inter-level travel time spent in this place.
 D = Time resting spent in this place.
 E = Time spent auto-exploring this place.
 F = Levels seen in this place.
 G = Mean time per level.
                   A        B        C        D        E       F      G
               +--------+--------+--------+--------+--------+-----+--------+
         Total |   6308 |   6205 |    103 |   2236 |   2347 |   4 | 1577.0 |
       Dungeon |   6308 |   6205 |    103 |   2236 |   2347 |   4 | 1577.0 |
               +--------+--------+--------+--------+--------+-----+--------+

Top non-repeatable levels by time:
     D:2: 2099 daAuts
     D:3: 2094 daAuts
     D:1: 1473 daAuts
     D:4: 641 daAuts
